 Dungeon Crawl Stone Soup version 0.27-a0-46-g34d46f0a3f (webtiles) character file.

Game seed: 1874140996087276248

5623 Borgoz the Carver (level 10, -19/88 HPs)
             Began as a Ghoul Gladiator on Jan 6, 2021.
             Was a High Priest of Okawaru.
             Demolished by Namnaref's ghost (21 damage)
             ... on level 9 of the Dungeon.
             The game lasted 00:15:03 (10574 turns).

Borgoz the Carver (Ghoul Gladiator)                Turns: 10574, Time: 00:15:04

Health: -19/88     AC:  7    Str: 22    XL:     10   Next: 73%
Magic:  0/10       EV: 17    Int:  3    God:    Okawaru [*****.]
Gold:   573        SH:  5    Dex: 10    Spells: 9/9 levels left

rFire    + . .     SeeInvis .   a - +4 scimitar
rCold    + + .     Faith    .   p - +2 buckler
rNeg     + + +     Spirit   .   q - +0 ring mail
rPois    ∞         Reflect  .   c - +0 helmet
rElec    .         Harm     .   u - scarf {rC+ rF+}
rCorr    +         Rampage  .   (no gloves)
Will     .....                  (no boots)
Stlth    ..........             j - amulet of the acrobat
HPRegen  0.00/turn              i - ring of resist corrosion
MPRegen  0.12/turn              x - +4 ring of evasion

@: mighty, hasted, very quick
A: claws 1, cold resistance 1, negative energy resistance 3, inhibited
regeneration, torment resistance, unbreathing
a: Renounce Religion, Heroism, Finesse


You were on level 9 of the Dungeon.
You worshipped Okawaru.
Okawaru was extremely pleased with you.
You visited 2 branches of the dungeon, and saw 10 of its levels.
You also visited: Sewer.

You collected 659 gold pieces.
You spent 86 gold pieces at shops.

Inventory:

Hand Weapons
 a - a +4 scimitar (weapon)
 b - a +2 dagger of venom
Missiles
 d - 2 throwing nets (quivered)
 h - 35 poisoned darts
 C - 2 atropa-tipped darts
Armour
 c - a +0 helmet (worn)
 p - a +2 buckler (worn)
 q - a +0 ring mail (worn)
 u - a scarf of resistance (worn)
Jewellery
 i - a ring of resist corrosion (left claw)
 j - an amulet of the acrobat (around neck)
 w - an uncursed ring of ice
 x - a +4 ring of evasion (right claw)
Wands
 m - a wand of flame (7)
 y - a wand of polymorph (11)
 z - a wand of enslavement (12)
 B - a wand of acid (7)
 E - a wand of iceblast (9)
Scrolls
 e - 6 scrolls of enchant weapon
 l - 5 scrolls of remove curse
 s - a scroll of enchant armour
 t - 7 scrolls of teleportation
 A - 2 scrolls of amnesia
 D - a scroll of magic mapping
 F - 2 scrolls of identify
 G - a scroll of noise {unknown}
 H - 2 scrolls of fear
Potions
 f - 4 potions of curing
 g - 7 potions of ambrosia
 k - 3 potions of haste
 n - 5 potions of brilliance
 o - a potion of magic
 r - a potion of might


   Skills:
 + Level 7.9 Fighting
 * Level 9.4 Long Blades
 - Level 1.7 Throwing
 + Level 6.2 Armour
 + Level 7.0 Dodging
 + Level 2.1 Invocations


You had 9 spell levels left.
You didn't know any spells.
Your spell library contained the following spells:

 Spells                   Type           Power        Failure   Level
 Animate Skeleton         Necr           0%           83%         1
 Apportation              Tloc           0%           83%         1
 Corona                   Hex            0%           83%         1
 Summon Small Mammal      Summ           0%           83%         1


Dungeon Overview and Level Annotations

Branches:
Dungeon (9/15)             Temple (1/1) D:4           Sewer (visited)
   Lair: D:8-11         Orc: D:9-12

Altars:
Ashenzari
Cheibriados
Dithmenos
Elyvilon
Fedhas
Gozag
Hepliaklqana
Kikubaaqudgha
Makhleb
Nemelex Xobeh
Okawaru
Qazlal
Ru
Sif Muna
Trog
Uskayaw
Vehumet
Wu Jian
Xom
Yredelemnul
Zin
The Shining One

Shops:
D:4 *   D:8 *

Annotations:
D:9 Namnaref's ghost, journeyman GrBe


Innate Abilities, Weirdness & Mutations

You thrive by killing the living.
You are immune to poison.
You have sharp fingernails.
Your flesh is cold resistant. (rC+)
You are immune to negative energy. (rN+++)
You do not regenerate when monsters are visible.
You are immune to unholy pain and torment.
You can survive without breathing.


Message History

Namnaref's ghost hits you but does no damage.
You slash Namnaref's ghost!
Namnaref's ghost is almost destroyed.
The wolf barely misses you.
You riposte.
You closely miss the wolf. The spriggan barely misses you.
The spriggan hits you from afar with the +4 trident of Sequestration {venom, +Fly Str+5 Int-5}!
The spriggan barely misses you.
You barely miss Namnaref's ghost.
Namnaref's ghost is almost destroyed.
The wolf misses you. Namnaref's ghost hits you!!
* * * LOW HITPOINT WARNING * * *
You feel your power leaking away. The spriggan completely misses you.
The wolf barely misses you.
You riposte.
You slash the wolf!
The wolf is heavily wounded.
The spriggan misses you. You block the spriggan's attack.
You slash Namnaref's ghost!
Namnaref's ghost is almost destroyed.
Namnaref's ghost hits you!!
You die...

♣♣♣
################## #
############### #
#.............## #
##..#########..#♣♣♣♣
## #..# ##..♣..♣♣♣♣
.# ##.# #..#♣♣..P♣♣
### #####.#
#W.∩#.....♣ #..
##...># #@hi#♣.♣.♣♣
#.# ##.####
#..i'.♣!♣ #.# ....#
##.i#...♣.♣ #.#
.#..#
#.∩#.....♣#####.#
.#..#
#.#♣!.♣.♣♣......#
....#
#.♣?♣♣♣♣♣#.######
....########
##♣♣♣♣.....#
...#.......# #.#####
...#.#####.# #.#


You could see 3 spriggans, a wolf and Namnaref's ghost.

Vanquished Creatures
  A two-headed ogre (D:8)
  Joseph (D:8)
  A queen bee (D:9)
  Edmund (D:4)
  2 ice beasts
  An orc warrior (D:6)
  A necrophage (D:8)
  8 phantoms
  4 ogres
  4 centaurs
  A bullfrog (D:8)
  2 big kobolds
  Blork the orc (D:5)
  3 scorpions
  19 killer bees (D:9)
  3 wights (D:9)
  2 howler monkeys
  2 jellies
  A bullfrog zombie (D:8)
  An orc priest (D:8)
  2 centaur skeletons
  7 hounds
  3 iguanas
  5 orc wizards
  Ijyb (D:5)
  7 worker ants
  2 hound skeletons
  A gnoll (D:4)
  12 adders
  2 river rats (D:6)
  3 shadow imps
  4 ufetubi
  2 oozes (D:4)
  An adder skeleton (D:4)
  5 worms
  2 dart slugs
  3 leopard geckos
  12 orcs
  11 ball pythons
  5 bats
  9 giant cockroaches
  6 goblins
  10 hobgoblins
  17 jackals
  5 quokkas
  6 frilled lizards
  25 kobolds
  2 quokka skeletons (D:4)
  4 rats
233 creatures vanquished.

Vanquished Creatures (others)
  17 plants
17 creatures vanquished.

Grand Total: 250 creatures vanquished

Notes
Turn   | Place    | Note
-------+----------+-------------------------------------------
     0 | D:1      | Borgoz the Ghoul Gladiator began the quest for the Orb.
     0 | D:1      | Reached XP level 1. HP: 17/17 MP: 0/0
     7 | D:1      | Noticed a killer bee
     7 | D:1      | Noticed a black bear
     7 | D:1      | Noticed a black mamba
     7 | D:1      | Noticed a snapping turtle
   443 | D:1      | Reached XP level 2. HP: 24/25 MP: 1/1
   605 | D:1      | Reached skill level 3 in Long Blades
   949 | D:2      | Reached XP level 3. HP: 30/30 MP: 2/2
  1193 | D:2      | Reached skill level 1 in Armour
  2012 | D:3      | Reached XP level 4. HP: 37/37 MP: 3/3
  2780 | D:4      | Found a staircase to the Ecumenical Temple.
  2795 | Temple   | Entered the Ecumenical Temple
  2810 | Temple   | Became a worshipper of Warmaster Okawaru
  2950 | D:4      | Noticed a phantom
  2983 | D:4      | Killed a phantom
  2984 | D:4      | Reached skill level 4 in Long Blades
  2984 | D:4      | Reached XP level 5. HP: 11/45 MP: 4/4
  3157 | D:4      | Noticed a phantom
  3201 | D:4      | Killed a phantom
  3201 | D:4      | Reached * piety under Okawaru
  3202 | D:4      | Reached XP level 6. HP: 24/52 MP: 5/5
  3515 | D:4      | Noticed Edmund
  3536 | D:4      | Killed Edmund
  3537 | D:4      | Reached XP level 7. HP: 34/59 MP: 6/6
  3773 | D:4      | Found Viofeahul's General Store.
  3782 | D:4      | Bought a scroll of identify for 26 gold pieces
  3801 | D:4      | Reached skill level 5 in Long Blades
  3808 | D:4      | Reached ** piety under Okawaru
  4468 | D:5      | Entered Level 5 of the Dungeon
  4474 | D:5      | Noticed Ijyb
  4516 | D:5      | Killed Ijyb
  4517 | D:5      | Reached XP level 8. HP: 55/67 MP: 7/7
  4554 | D:5      | Reached skill level 5 in Fighting
  4554 | D:5      | Reached skill level 6 in Long Blades
  5146 | D:5      | Noticed Blork the orc
  5158 | D:5      | Killed Blork the orc
  5179 | D:5      | Reached skill level 5 in Dodging
  5292 | D:5      | Reached *** piety under Okawaru
  5688 | D:5      | Reached skill level 7 in Long Blades
  5688 | D:5      | Reached XP level 9. HP: 50/75 MP: 8/8
  5889 | D:6      | Found a glowing drain.
  6014 | Sewer    | Entered a sewer
  6808 | D:6      | Found an opulent altar of Gozag.
  6820 | D:6      | Found a shimmering altar of Xom.
  7408 | D:7      | Reached **** piety under Okawaru
  7557 | D:7      | Reached skill level 5 in Armour
  7697 | D:7      | Reached skill level 8 in Long Blades
  8073 | D:8      | Noticed a two-headed ogre
  8080 | D:8      | Killed a two-headed ogre
  8080 | D:8      | Received a gift from Okawaru
  8081 | D:8      | Reached XP level 10. HP: 86/86 MP: 9/9
  8570 | D:8      | Found a radiant altar of Vehumet.
  8577 | D:8      | Noticed Joseph
  8598 | D:8      | Killed Joseph
  8599 | D:8      | Reached skill level 9 in Long Blades
  8742 | D:8      | Found a radiant altar of Vehumet.
  8810 | D:8      | Found Ixeiba's General Store.
  8818 | D:8      | Bought a scroll of identify for 20 gold pieces
  8818 | D:8      | Bought a potion of might for 40 gold pieces
  9320 | D:9      | Found a stormy altar of Qazlal.
  9320 | D:9      | Found a shadowy altar of Dithmenos.
  9394 | D:9      | Found a white marble altar of Elyvilon.
  9439 | D:9      | Reached ***** piety under Okawaru
  9760 | D:9      | Reached skill level 1 in Invocations
 10445 | D:9      | Found a runed translucent door.
 10446 | D:9      | Noticed Namnaref's ghost (journeyman GrBe)
 10446 | D:9      | Identified the +4 trident of Sequestration {venom, +Fly
                  | Str+5 Int-5}
 10573 | D:9      | HP: 2/88 [Namnaref's ghost (29)]
 10574 | D:9      | Demolished by Namnaref's ghost

Illustrated notes

Levels and vault maps discovered:
D:1:      onia_arrival_zoo_common, layout_loops_corners
D:2:      layout_rooms
D:3:      layout_basic, minmay_snake_closets
D:4:      layout_gridville, minmay_temple_entry_large_hall, serial_shops, shop,
          nzn_random_ring, uniq_edmund
D:5:      layout_basic, uniq_blork_the_orc, uniq_ijyb
D:6:      layout_cave_pools, kennysheep_mini_moat, nicolae_gozag_seed_capital,
          portal_sewer_entry_a, minmay_misc_feat_square, lightli_minifort
D:7:      layout_loops_ring
D:8:      layout_loops_ring, fiery_altar_vehumet, serial_shops,
          nicolae_shop_temple_entry_statues_fountains, vehumet_altar_wand_db,
          uniq_joseph
D:9:      layout_basic, elyvilon_altar_3, gammafunk_temple_overflow_wave,
          special_room [special_room_bee], ebering_ghost_funeral_grove,
          serial_bayou_lagoon_a
Temple:   kb_temple_of_zot

Skill      XL: |  1  2  3  4  5  6  7  8  9 10 |
---------------+-------------------------------+-----
Long Blades    | 3 4 5 7 8 9 |  9.4
Armour         | 1 2 3 4 5 6 |  6.2
Dodging        | 3 4 5 6 7 |  7.0
Fighting       | 3 4 5 7 |  7.9
Invocations    | 2 |  2.1
Throwing       | |  1.7

Action                   |  1- 3 |  4- 6 |  7- 9 | 10-12 || total
-------------------------+-------+-------+-------+-------++-------
Melee: Long sword        |    98 |   130 |   509 |   135 ||   872
       Scimitar          |       |       |       |   105 ||   105
Throw: Throwing net      |       |     1 |     2 |       ||     3
       Dart              |       |       |       |     5 ||     5
Invok: Heroism           |       |       |       |     2 ||     2
Evoke: Wand              |       |     3 |     9 |       ||    12
  Use: Scroll            |     9 |     1 |    12 |     2 ||    24
       Potion            |     1 |       |     2 |     5 ||     8
 Stab: Paralysed         |       |     5 |    11 |       ||    16
       Held in net/web   |       |     1 |       |       ||     1
Armor: Leather armour    |    25 |       |       |       ||    25
       Scale mail        |     9 |     1 |       |       ||    10
       Ring mail         |       |    35 |   117 |    54 ||   206
Dodge: Dodged            |    71 |    70 |   419 |   216 ||   776
Block: Buckler           |       |    33 |   117 |    67 ||   217
       Rpst.: Long sword |    27 |    21 |   135 |    24 ||   207
       Scimitar          |       |       |       |    26 ||    26

Table legend: (Time is in decaauts)
 A = Elapsed time spent in this place.
 B = Non-inter-level travel time spent in this place.
 C = Inter-level travel time spent in this place.
 D = Time resting spent in this place.
 E = Time spent auto-exploring this place.
 F = Levels seen in this place.
 G = Mean time per level.
                   A        B        C        D        E       F      G
               +--------+--------+--------+--------+--------+-----+--------+
         Total |  10868 |  10606 |    262 |   1910 |   6401 |  11 |  988.0 |
       Dungeon |   9831 |   9589 |    242 |   1910 |   5749 |   9 | 1092.3 |
        Temple |    116 |     96 |     20 |      0 |     94 |   1 |  116.0 |
         Sewer |    919 |    919 |      0 |      0 |    557 |   1 |  919.0 |
               +--------+--------+--------+--------+--------+-----+--------+

Top non-repeatable levels by time:
     D:4: 1606 daAuts
     D:9: 1459 daAuts
     D:5: 1438 daAuts
     D:8: 1033 daAuts
     D:3: 1030 daAuts
     D:2: 932 daAuts
   Sewer: 919 daAuts
     D:1: 847 daAuts
     D:7: 801 daAuts
     D:6: 682 daAuts
  Temple: 116 daAuts
